 Dungeon Sprint DCSS version 0.24-a0-250-g6074511092 (webtiles) character file.

Game seed: 5509624701258015532

5756 Redear the Blocker (level 10, -7/103 HPs)
             Began as a Deep Dwarf Fighter on Apr 15, 2019.
             Was a High Priest of Makhleb.
             Killed from afar by a smoke demon (12 damage)
             ... with a ball of steam
             ... summoned by an orc high priest
             ... in the Dungeon (Sprint III: "The Ten Rune Challenge").
             The game lasted 00:07:04 (1234 turns).

Redear the Blocker (Deep Dwarf Fighter)             Turns: 1234, Time: 00:07:04

Health: -7/103     AC:  9    Str: 22    XL:     10   Next: 49%
Magic:  0/0        EV: 17    Int: 11    God:    Makhleb [*****.]
Gold:   40         SH:  0    Dex: 13    Spells: 9/9 levels left

rFire    . . .     SeeInvis .   a - +0 war axe
rCold    . . .     Gourm    .   (no shield)
rNeg     . . .     Faith    .   b - +0 scale mail
rPois    .         Spirit   .   (no helmet)
rElec    .         Reflect  .   (no cloak)
rCorr    .         Harm     .   (no gloves)
MR       +....     NoTele   +   (no boots)
Stlth    ..........             (no amulet)
HPRegen  0.00/turn              (no ring)
MPRegen  0.07/turn              (no ring)

@: non-regenerating
A: damage resistance, heal wounds, mutation resistance 1, sense surroundings 2,
strong 1, no regeneration
a: Heal Wounds, Minor Destruction, Lesser Servant of Makhleb, Major Destruction,
Greater Servant of Makhleb, Renounce Religion


You were in the Dungeon.
You worshipped Makhleb.
Makhleb was extremely pleased with you.
You were not hungry.

You visited 1 branch You collected 40 gold pieces.

Inventory:

Hand Weapons
 a - a +0 war axe (weapon)
Armour
 b - a +0 scale mail (worn)
 c - a +0 shield
Jewellery
 e - an uncursed ring of stealth {unknown}
Wands
 n - a wand of polymorph (7)
Scrolls
 h - 2 scrolls of torment {unknown}
 k - 2 scrolls of identify {unknown}
 B - a scroll of blinking {@r4}
 N - 3 scrolls of remove curse {@r2}
Potions
 f - a potion of mutation {!q}
 i - 2 potions of magic
 l - 4 potions of flight
 Q - a potion of curing {@q2}
Comestibles
 z - 3 rations


   Skills:
 + Level 10.7 Fighting
 + Level 12.3 Axes
 + Level 12.5 Armour
 + Level 12.1 Dodging
 + Level 12.5 Shields
 + Level 4.5 Invocations


You had 9 spell levels left.
You didn't know any spells.
Your spell library contained the following spells:

 Spells                   Type           Power        Failure   Level  Hunger
 Magic Dart               Conj           #...         58%         1    ##.....
 Blink                    Tloc           N/A          73%         2    ###....
 Call Imp                 Summ           #.......     73%         2    ###....
 Slow                     Hex            #.......     73%         2    ###....
 Conjure Flame            Conj/Fire      #.......     91%         3    ####...
 Mephitic Cloud           Conj/Pois/Air  #.......     91%         3    ####...


Dungeon Overview and Level Annotations

Branches:
Dungeon (1/1)

Altars:
Cheibriados
Dithmenos
Elyvilon
Fedhas
Gozag
Hepliaklqana
Kikubaaqudgha
Makhleb
Nemelex Xobeh
Okawaru
Qazlal
Ru
Sif Muna
Trog
Uskayaw
Vehumet
Wu Jian
Xom
Yredelemnul
Zin
The Shining One
Beogh
Jiyva
Lugonu

Shops:
D !


Innate Abilities, Weirdness & Mutations

You are resistant to damage.
You can heal yourself by infusing magical energy.
You passively map the area around you.
You do not regenerate.
You are somewhat resistant to further mutation.
Your muscles are strong. (Str +2)


Message History

Beogh smites you!
* * * LOW HITPOINT WARNING * * *
You take 32 damage, and have 27/103 hp.
MASSIVE DAMAGE!!
You don't have enough innate magic capacity.
You hit the orc warrior but do no damage.
The orc warrior is severely wounded.
An orc wizard comes into view. It is wielding a +0 dagger.
The orc warrior hits you from afar with a cursed -2 halberd!!
* * * LOW HITPOINT WARNING * * *
There is an open door, spattered with blood here.
You take 17 damage, and have 10/103 hp.
There is an open door here.
You close the door.
Something unseen opens the door.
The smoke demon gestures at you. The ball of steam hits you!
* * * LOW HITPOINT WARNING * * *
You take 5 damage, and have 5/103 hp.
The smoke demon gestures at you. The ball of steam hits you!
You die...

▓▓▓ ▓▓▓ * * ..♣♣ ♣.############ *
* * ...♣♣ ♣♣.#___#___#__##∩##*,
....♣ ♣..#.).#__.#._#$.o,
...≈♣♣♣♣..###'#'###)##$$o ,,,
..≈≈.♣.♣♣.#..........#$.,,, ,
.≈≈≈≈.♣.♣.'.⌠...@§§§.#.$
.≈≈≈≈≈≈...#...######3#o#, *
≈≈≈≈≈≈....#.⌠.#__#..§#o##########
≈≈≈≈≈.....#...#__#..3#....#.#.#..
≈≈≈.......#)###__#...##.#o.#.##.#
..........#...#__#...o##.#.#.##)#
..........#___#__'...#).o#..#..##
▓▓▓▓▓▓▓▓▓▓▓▓▓▓▓▓▓▓▓▓▓▓▓▓▓▓▓▓▓▓▓▓▓
≈§§≈≈≈≈♣♣.....♣♣♣♣≈≈≈........≈≈≈.


There were no monsters in sight!

Vanquished Creatures
  Erolcha (D)
  A deep elf mage (D)
  2 spiny frogs (D)
  A komodo dragon (D)
  A rime drake (D)
  A tyrant leech (D)
  5 blink frogs (D)
  A shadow (D)
  3 redbacks (D)
  A spatial vortex (D)
  3 wandering mushrooms (D)
  A swamp drake (D)
  A necrophage (D)
  5 two-headed ogres (D)
  A water elemental (D)
  A scorpion (D)
  A jelly (D)
  Jessica (D)
  A wizard (D)
  A necromancer (D)
  3 humans (D)
  A kobold demonologist (D)
  An ooze (D)
  A rat (D)
39 creatures vanquished.

Vanquished Creatures (others)
  2 draconian scorchers (D)
  2 yaktaurs (D)
  6 hellions (D)
  An orc (D)
  2 plants (D)
13 creatures vanquished.

Grand Total: 52 creatures vanquished

Notes
Turn   | Place    | Note
-------+----------+-------------------------------------------
     0 | D        | Redear the Deep Dwarf Fighter began the quest for the Orb.
     0 | D        | Reached XP level 1. HP: 20/20 MP: 1/1
     4 | D        | Reached skill level 3 in Fighting
     4 | D        | Reached skill level 1 in Dodging
    16 | D        | Noticed Jessica
    22 | D        | Killed Jessica
    22 | D        | Reached skill level 3 in Axes
    22 | D        | Reached skill level 4 in Armour
    22 | D        | Reached skill level 2 in Dodging
    22 | D        | Reached skill level 4 in Shields
    22 | D        | Reached XP level 2. HP: 25/28 MP: 2/2
    22 | D        | Reached XP level 3. HP: 30/34 MP: 3/3
    46 | D        | Reached skill level 4 in Axes
    46 | D        | Reached skill level 3 in Dodging
    49 | D        | Noticed a scorpion
    65 | D        | Killed a scorpion
    65 | D        | Reached skill level 4 in Fighting
    65 | D        | Reached skill level 5 in Armour
    65 | D        | Reached skill level 4 in Dodging
    65 | D        | Reached skill level 5 in Shields
    65 | D        | Reached XP level 4. HP: 35/45 MP: 4/4
    65 | D        | Killed a yaktaur
    71 | D        | Killed a hellion
    93 | D        | Gained mutation: You are partially covered in molten
                  | scales. (AC +2) [potion of mutation]
    93 | D        | Gained mutation: You are mostly covered in molten scales.
                  | (AC +3) [potion of mutation]
    94 | D        | Lost mutation: You are mostly covered in molten scales. (AC
                  | +3) [potion of mutation]
    94 | D        | Lost mutation: You are partially covered in molten scales.
                  | (AC +2) [potion of mutation]
    94 | D        | Gained mutation: Your body sometimes deteriorates upon
                  | taking damage. [potion of mutation]
    94 | D        | Gained mutation: You have large cloven feet. [potion of
                  | mutation]
    94 | D        | Gained mutation: You expend magic power (3 MP) to
                  | strengthen your wands. [potion of mutation]
    95 | D        | Lost mutation: You have large cloven feet. [potion of
                  | mutation]
    95 | D        | Lost mutation: Your body sometimes deteriorates upon taking
                  | damage. [potion of mutation]
    95 | D        | Lost mutation: You expend magic power (3 MP) to strengthen
                  | your wands. [potion of mutation]
    95 | D        | Gained mutation: You are somewhat resistant to further
                  | mutation. [potion of mutation]
    95 | D        | Gained mutation: Your muscles are strong. (Str +2) [potion
                  | of mutation]
   100 | D        | Killed a hellion
   112 | D        | Killed a hellion
   125 | D        | Killed a hellion
   152 | D        | Killed a hellion
   196 | D        | Killed a hellion
   196 | D        | Killed a white draconian scorcher
   309 | D        | Killed a white draconian scorcher
   340 | D        | Noticed a water elemental
   347 | D        | HP: 3/45 [water elemental (10)]
   355 | D        | Killed a water elemental
   355 | D        | Reached skill level 5 in Fighting
   355 | D        | Reached skill level 5 in Axes
   355 | D        | Reached skill level 6 in Armour
   355 | D        | Reached skill level 5 in Dodging
   355 | D        | Reached skill level 6 in Shields
   355 | D        | Reached XP level 5. HP: 38/52 MP: 5/5
   459 | D        | Found a glowing silver altar of Zin.
   459 | D        | Found a glowing golden altar of the Shining One.
   459 | D        | Found a white marble altar of Elyvilon.
   460 | D        | Noticed a deep elf mage
   464 | D        | Killed a deep elf mage
   464 | D        | Reached skill level 6 in Fighting
   464 | D        | Reached skill level 7 in Axes
   464 | D        | Reached skill level 8 in Armour
   464 | D        | Reached skill level 7 in Dodging
   464 | D        | Reached skill level 8 in Shields
   464 | D        | Reached XP level 6. HP: 46/63 MP: 6/6
   464 | D        | Reached XP level 7. HP: 51/70 MP: 7/7
   469 | D        | Found a hide-covered altar of Uskayaw.
   469 | D        | Found a roughly hewn altar of Beogh.
   469 | D        | Found an iron altar of Okawaru.
   469 | D        | Found a bloodstained altar of Trog.
   469 | D        | Found an ornate altar of the Wu Jian Council.
   469 | D        | Noticed a human
   469 | D        | Noticed a human
   481 | D        | Your magical essence is drained by the effort!
   482 | D        | Killed a human
   482 | D        | Reached skill level 7 in Fighting
   482 | D        | Reached skill level 8 in Axes
   483 | D        | Killed a human
   483 | D        | Reached skill level 8 in Dodging
   491 | D        | Found a basalt altar of Yredelemnul.
   491 | D        | Found a shadowy altar of Dithmenos.
   491 | D        | Found a sacrificial altar of Ru.
   493 | D        | Reached skill level 9 in Armour
   493 | D        | Reached skill level 9 in Shields
   511 | D        | Found a radiant altar of Vehumet.
   511 | D        | Found a deep blue altar of Sif Muna.
   511 | D        | Found an ancient bone altar of Kikubaaqudgha.
   517 | D        | Noticed a ynoxinul
   518 | D        | Noticed a red devil
   544 | D        | Noticed a shadow
   554 | D        | Killed a shadow
   554 | D        | Reached skill level 9 in Axes
   554 | D        | Reached XP level 8. HP: 50/81 MP: 7/7
   562 | D        | Found a blossoming altar of Fedhas.
   562 | D        | Found a stormy altar of Qazlal.
   562 | D        | Found a snail-covered altar of Cheibriados.
   562 | D        | Found a burning altar of Makhleb.
   562 | D        | Found a shimmering altar of Xom.
   563 | D        | Found a hazy altar of Hepliaklqana.
   563 | D        | Found an opulent altar of Gozag.
   563 | D        | Found a sparkling altar of Nemelex Xobeh.
   563 | D        | Found a corrupted altar of Lugonu.
   563 | D        | Found a viscous altar of Jiyva.
   580 | D        | HP: 5/81 [spatial vortex (20)]
   584 | D        | Reached skill level 8 in Fighting
   584 | D        | Reached skill level 9 in Dodging
   588 | D        | Became a worshipper of Makhleb the Destroyer
   627 | D        | Reached * piety under Makhleb
   627 | D        | Reached skill level 10 in Armour
   686 | D        | Noticed a two-headed ogre
   698 | D        | Killed a two-headed ogre
   698 | D        | Reached skill level 10 in Shields
   707 | D        | Noticed a two-headed ogre
   707 | D        | Noticed Erolcha
   719 | D        | Your magical essence is drained by the effort!
   723 | D        | Your magical essence is drained by the effort!
   728 | D        | Killed Erolcha
   728 | D        | Reached skill level 9 in Fighting
   728 | D        | Reached skill level 10 in Axes
   728 | D        | Reached skill level 10 in Dodging
   728 | D        | Gained mutation: You passively map the area around you.
                  | [Deep Dwarf growth]
   728 | D        | Reached XP level 9. HP: 39/91 MP: 6/6
   729 | D        | Killed a two-headed ogre
   729 | D        | Reached skill level 11 in Armour
   729 | D        | Reached skill level 11 in Shields
   734 | D        | Reached ** piety under Makhleb
   734 | D        | Reached skill level 11 in Axes
   753 | D        | Your magical essence is drained by the effort!
   754 | D        | Your magical essence is drained by the effort!
   756 | D        | Noticed a wandering mushroom
   760 | D        | Noticed a wandering mushroom
   762 | D        | Noticed a wandering mushroom
   775 | D        | Reached *** piety under Makhleb
   775 | D        | Reached skill level 11 in Dodging
   799 | D        | Noticed a spiny frog
   799 | D        | Noticed a komodo dragon
   799 | D        | Noticed a spiny frog
   809 | D        | Your magical essence is drained by the effort!
   828 | D        | Your magical essence is drained by the effort!
   838 | D        | Killed a spiny frog
   838 | D        | Reached skill level 10 in Fighting
   841 | D        | Killed a spiny frog
   844 | D        | Killed a komodo dragon
   844 | D        | Reached **** piety under Makhleb
   844 | D        | Reached skill level 12 in Armour
   844 | D        | Reached XP level 10. HP: 45/102 MP: 3/3
   850 | D        | HP: 10/102 [poisoned by a spiny frog]
   853 | D        | Your magical essence is drained by the effort!
   858 | D        | Your magical essence is drained by the effort!
   861 | D        | Your magical essence is drained by the effort!
   892 | D        | Reached skill level 12 in Shields
   892 | D        | Reached skill level 1 in Invocations
   929 | D        | Reached skill level 2 in Invocations
   951 | D        | Your magical essence is drained by the effort!
   989 | D        | Reached skill level 12 in Axes
   989 | D        | Reached skill level 3 in Invocations
  1012 | D        | Reached ***** piety under Makhleb
  1017 | D        | Reached skill level 12 in Dodging
  1017 | D        | Reached skill level 4 in Invocations
  1048 | D        | Your magical essence is drained by the effort!
  1204 | D        | Your magical essence is drained by the effort!
  1206 | D        | Found Ulai's Distillery.
  1206 | D        | Noticed an orc high priest
  1206 | D        | Noticed an orc high priest
  1207 | D        | Noticed a smoke demon
  1225 | D        | HP: 10/103 [orc warrior/cursed -2 halberd (17)]
  1231 | D        | HP: 5/103 [something/ball of steam[an orc high priest] (5)]
  1234 | D        | Killed from afar by a smoke demon

Levels and vault maps discovered:
D:        dungeon_sprint_mu [sprint_mu_entry_forest, sprint_mu_temple_rooms,
          sprint_mu_d1_spiders, sprint_mu_d2_genie, sprint_mu_d3_branching,
          sprint_mu_orc_legion, sprint_mu_elf_gauntlet, sprint_mu_hive_nellie,
          sprint_mu_lair_fedhas, sprint_mu_vaults_butterflies,
          sprint_mu_slime_circle, sprint_mu_swamp_cave, sprint_mu_shoals_kraken,
          sprint_mu_blade_basic, sprint_mu_crypt_fortress,
          sprint_mu_tomb_spiral, sprint_mu_vestibule_basic,
          sprint_mu_gehenna_hellfire, sprint_mu_dis_giant,
          sprint_mu_tartarus_statrot, sprint_mu_cocytus_islands, sprint_mu_zot1]

Skill      XL: |  1  2  3  4  5  6  7  8  9 10 |
---------------+-------------------------------+-----
Fighting       | 3 4 5 6 7 9 10 | 10.7
Dodging        | 2 4 5 7 8 10 11 12 | 12.1
Axes           | 3 4 5 7 9 10 11 12 | 12.3
Armour         | 4 5 6 8 9 10 12 | 12.5
Shields        | 4 5 6 8 9 10 11 12 | 12.5
Invocations    | 4 |  4.5

Action                   |  1- 3 |  4- 6 |  7- 9 | 10-12 || total
-------------------------+-------+-------+-------+-------++-------
Melee: War axe           |    27 |    13 |   150 |    77 ||   267
 Abil: Heal Wounds       |       |     5 |    30 |    10 ||    45
  Use: Potion            |       |     3 |     2 |     5 ||    10
  Eat: Ration            |       |       |       |     1 ||     1
Armor: Scale mail        |     7 |     3 |    22 |     9 ||    41
Dodge: Dodged            |    13 |    10 |   139 |    62 ||   224

Table legend:
 A = Non-vault XP
 B = Vault XP
 C = Vault XP percentage of total XP
 D = Non-vault monster count
 E = Vault monster count
 F = Vault count percentage of total count
                 A         B        C        D         E       F
            +---------+---------+-------+---------+---------+-------
      Total |       0 |    8223 | 100.0 |       0 |      39 | 100.0
            +---------+---------+-------+---------+---------+-------
          D |       0 |    8223 | 100.0 |       0 |      39 | 100.0
            +---------+---------+-------+---------+---------+-------
